 Dungeon Sprint DCSS version 0.29-a0-925-g0a7a3d12f8 (webtiles) character file.

Game seed: 2709242571875998271

7760 rocky1 the Impaler (level 11, -3/88 (98) HPs)
             Began as a Merfolk Gladiator on July 28, 2022.
             Was the Champion of Okawaru.
             Killed from afar by Josephine (27 damage)
             ... with a ghostly fireball
             ... in the Dungeon (Sprint VII: "The Pits").
             The game lasted 00:09:56 (2581 turns).

rocky1 the Impaler (Merfolk Gladiator)              Turns: 2581, Time: 00:09:57

HP:   -3/88 (98)    AC: 18    Str: 21    XL:     11   Next: 20%
MP:   18/18         EV: 17    Int:  7    God:    Okawaru [******]
Gold: 0             SH:  0    Dex: 20    Spells: 10/10 levels left

rFire   . . .      SeeInvis .   b - +4 scythe (venom)
rCold   . . .      Faith    .   (shield currently unavailable)
rNeg    . . .      Spirit   .   y - +4 chain mail
rPois   .          Reflect  .   c - +0 helmet
rElec   .          Harm     .   (no cloak)
rCorr   .          Rampage  .   x - +0 pair of gloves
Will    .....      NoTele   +   (no boots)
Stlth   ..........              (no amulet)
HPRegen 0.24/turn               a - +3 ring of strength
MPRegen 0.16/turn               o - +3 ring of dexterity

@: heavily drained
A: (nimble swimmer 2), mertail
a: Renounce Religion, Heroism, Finesse


You were in the Dungeon.
You worshipped Okawaru.
Okawaru was exalted by your worship.
You visited 1 branch

Inventory:

Hand Weapons
 b - a +4 scythe of venom (weapon)
 p - a +3 vorpal halberd
 q - a +1 long sword of flaming
 w - a +2 scimitar of holy wrath
Missiles
 d - 3 throwing nets (quivered)
 e - a javelin
Armour
 c - a +0 helmet (worn)
 x - a +0 pair of gloves (worn)
 y - a +4 chain mail (worn)
Jewellery
 a - a +3 ring of strength (left hand)
 o - a +3 ring of dexterity (right hand)
Scrolls
 k - a scroll of blinking
 m - 5 scrolls of amnesia
 n - a scroll of summoning
Potions
 f - 7 potions of curing
 g - 3 potions of heal wounds
 h - a potion of haste
 i - 4 potions of magic
 j - 3 potions of berserk rage
 l - 2 potions of invisibility
 s - a potion of brilliance
 t - 2 potions of resistance
 u - a potion of mutation


   Skills:
 + Level 13.3 Fighting
 + Level 9.5 Long Blades
 + Level 16.4 Polearms
 - Level 2.6 Throwing
 + Level 9.2 Armour
 + Level 16.3 Dodging
 - Level 9.6 Invocations


You had 10 spell levels left.
You didn't know any spells.
Your spell library was empty.

Dungeon Overview and Level Annotations

Branches:
Dungeon (1/1)

Altars:
Ashenzari
Cheibriados
Dithmenos
Elyvilon
Fedhas
Gozag
Hepliaklqana
Kikubaaqudgha
Makhleb
Nemelex Xobeh
Okawaru
Qazlal
Ru
Sif Muna
Trog
Uskayaw
Vehumet
Wu Jian
Xom
Yredelemnul
Zin
The Shining One
Jiyva
Lugonu

Annotations:
D Josephine


Innate Abilities, Weirdness & Mutations

((You are very nimble when in or above water. (Stealth+, EV+, Speed+++)))
Your lower body shifts to a powerful aquatic tail in water.


Message History

A wraith comes into view.
Josephine draws life force from you!
* * * LOW HITPOINT WARNING * * *
Josephine is healed by the life force!
You hit Josephine but do no damage.
Josephine looks as sick as possible!
Josephine is severely wounded.
The redback barely misses you.
A worm comes into view.
The redback barely misses you.
Unknown command.
The wraith attacks as you move away! The wraith barely misses you.
Josephine grins malevolently.
Josephine casts a spell at you.
The ghostly flame explodes!
The ghostly fireball engulfs the wraith.
The wraith completely resists.
The ghostly fireball engulfs you!
You feel drained.
* * * LOW HITPOINT WARNING * * *
The ghostly fireball engulfs the wraith.
The wraith completely resists.
The ghostly fireball engulfs Josephine.
Josephine completely resists.
The wraith barely misses you.
You feel much better.
The wraith hits you but does no damage. x2
Josephine casts a spell at you.
The ghostly flame explodes!
The ghostly fireball engulfs the wraith.
The wraith completely resists.
The ghostly fireball engulfs you!
You feel drained.
* * * LOW HITPOINT WARNING * * *
The ghostly fireball engulfs the wraith.
The wraith completely resists.
The ghostly fireball engulfs the wraith.
The wraith completely resists.
The ghostly fireball engulfs Josephine.
Josephine completely resists.
You feel much better. The wraith hits you but does no damage.
Josephine gestures at you while chanting.
The ghostly flame explodes!
The ghostly fireball engulfs the wraith.
The wraith completely resists.
The ghostly fireball engulfs you!!
You feel drained.
You die...

#..#......# ..........+
..........+ #..#......#
..........# ###')######
.##')############## ####
.##......#...())).###...#
.##....###...###@WW#...#
.##...##.+..°+ ##W@...#
.##..##..##'## ##sw.##
.##..#..##...## §...#
.##.)#.†#.....# 3#...#
###).)..'.....+sW'W..'.
###..#..#.....#W #...#..
[##..#..##...##@ +...#...
.##..##..##'##. #...# ..


You could see Josephine (extremely poisoned), 3 wraiths, a redback and a worm.

Vanquished Creatures
  A yellow draconian (D)
  An ogre mage (D)
  4 two-headed ogres (D)
  An orc knight (D)
  A smoke demon (D)
  A red devil (D)
  A hellwing (D)
  A troll (D)
  A shadow (D)
  Sigmund (D)
  2 spriggans (D)
  A wraith (D)
  A fire bat (D)
  A basilisk (D)
  A warg (D)
  2 water moccasins (D)
  A swamp drake (D)
  9 wolves (D)
  An ogre (D)
  A phantom (D)
  A gnoll sergeant (D)
  5 killer bees (D)
  A crimson imp (D)
  2 orc priests (D)
  A jelly (D)
  2 hounds (D)
  An orc wizard (D)
  A mummy (D)
  4 gnolls (D)
  A river rat (D)
  2 adders (D)
  9 orcs (D)
  A bat (D)
  3 endoplasms (D)
  2 giant cockroaches (D)
  2 kobolds (D)
  A frilled lizard (D)
  A rat (D)
73 creatures vanquished.

Notes
Turn   | Place    | Note
-------+----------+-------------------------------------------
     0 | D        | rocky1 the Merfolk Gladiator began the quest for the Orb.
     0 | D        | Reached XP level 1. HP: 16/16 MP: 1/1
    19 | D        | Reached skill level 5 in Polearms
    19 | D        | Reached skill level 5 in Dodging
    19 | D        | Reached XP level 2. HP: 21/23 MP: 2/2
    22 | D        | Found a bloodstained altar of Trog.
    22 | D        | Found a shimmering blue altar of Sif Muna.
    22 | D        | Found a viscous altar of Jiyva.
    22 | D        | Found a hazy altar of Hepliaklqana.
    22 | D        | Found an opulent altar of Gozag.
    47 | D        | Found a glowing golden altar of the Shining One.
    47 | D        | Found a glowing silver altar of Zin.
    47 | D        | Found a basalt altar of Yredelemnul.
    47 | D        | Found a shimmering altar of Xom.
    47 | D        | Found an ornate altar of the Wu Jian Council.
    47 | D        | Found a sacrificial altar of Ru.
    47 | D        | Found a stormy altar of Qazlal.
    47 | D        | Found an iron altar of Okawaru.
    47 | D        | Found a sparkling altar of Nemelex Xobeh.
    47 | D        | Found a burning altar of Makhleb.
    47 | D        | Found a blossoming altar of Fedhas.
    47 | D        | Found a white marble altar of Elyvilon.
    47 | D        | Found a shadowy altar of Dithmenos.
    47 | D        | Found a snail-covered altar of Cheibriados.
    50 | D        | Found a corrupted altar of Lugonu.
    50 | D        | Found a radiant altar of Vehumet.
    51 | D        | Found an ancient bone altar of Kikubaaqudgha.
    51 | D        | Found a hide-covered altar of Uskayaw.
    51 | D        | Found a broken altar of Ashenzari.
    55 | D        | Became a worshipper of Warmaster Okawaru
   277 | D        | Reached XP level 3. HP: 27/29 MP: 3/3
   544 | D        | Noticed a gnoll sergeant
   566 | D        | Reached skill level 1 in Armour
   566 | D        | Reached skill level 1 in Invocations
   566 | D        | Reached XP level 4. HP: 26/37 MP: 3/5
   577 | D        | Killed a gnoll sergeant
   577 | D        | Reached * piety under Okawaru
   578 | D        | Reached skill level 5 in Fighting
   578 | D        | Reached XP level 5. HP: 21/44 MP: 4/7
   582 | D        | Noticed a wolf
   595 | D        | Killed a wolf
   596 | D        | Reached skill level 5 in Invocations
   596 | D        | Reached XP level 6. HP: 24/52 MP: 3/9
   870 | D        | Noticed a water moccasin
   870 | D        | Noticed a fire bat
   878 | D        | Killed a fire bat
   879 | D        | Reached skill level 10 in Polearms
   879 | D        | Reached skill level 10 in Dodging
   879 | D        | Reached XP level 7. HP: 60/60 MP: 8/11
   893 | D        | Reached ** piety under Okawaru
   898 | D        | Noticed a warg
   898 | D        | Noticed a shadow
   911 | D        | Killed a warg
   912 | D        | Reached skill level 5 in Armour
   918 | D        | Killed a shadow
   919 | D        | Reached XP level 8. HP: 55/69 MP: 11/13
  1061 | D        | Noticed a spriggan
  1061 | D        | Noticed Sigmund
  1067 | D        | Killed a spriggan
  1076 | D        | Killed Sigmund
  1076 | D        | Reached *** piety under Okawaru
  1273 | D        | Noticed an orc knight
  1275 | D        | Noticed a troll
  1310 | D        | Killed a troll
  1317 | D        | Reached XP level 9. HP: 36/78 MP: 15/15
  1328 | D        | Killed an orc knight
  1328 | D        | Reached **** piety under Okawaru
  1329 | D        | Reached skill level 10 in Fighting
  1526 | D        | Reached skill level 1 in Long Blades
  1788 | D        | Reached ***** piety under Okawaru
  2026 | D        | Noticed an ogre mage
  2026 | D        | Noticed a two-headed ogre
  2026 | D        | Noticed a two-headed ogre
  2026 | D        | Noticed a two-headed ogre
  2027 | D        | Noticed a two-headed ogre
  2029 | D        | Noticed a hellwing
  2032 | D        | Killed a two-headed ogre
  2033 | D        | Reached skill level 5 in Long Blades
  2033 | D        | Reached XP level 10. HP: 88/88 MP: 9/17
  2044 | D        | Killed an ogre mage
  2046 | D        | Killed a two-headed ogre
  2047 | D        | Reached skill level 15 in Polearms
  2047 | D        | Reached skill level 15 in Dodging
  2052 | D        | Killed a two-headed ogre
  2054 | D        | Killed a two-headed ogre
  2054 | D        | Received a gift from Okawaru
  2068 | D        | Reached ****** piety under Okawaru
  2134 | D        | Noticed a yellow draconian
  2164 | D        | Killed a yellow draconian
  2165 | D        | Reached XP level 11. HP: 64/98 MP: 18/18
  2171 | D        | Received a gift from Okawaru
  2556 | D        | Noticed Josephine
  2579 | D        | HP: 1/95 [Josephine/ghostly fireball (12)]
  2581 | D        | Killed from afar by Josephine

Illustrated notes

Levels and vault maps discovered:
D:        pitsprint [storerooms_1, entrance_room_1, metal_vault_6, armoury_1,
          mini_pit_1, grid_room_1, main_hall_1, silver_pit, the_coven_2,
          the_vestibule_1, steel_vault_2, golden_pit, hallway_of_sentries,
          crystal_vault_2, iron_vault_5, final_vault]

Skill      XL: |  1  2  3  4  5  6  7  8  9 10 11 |
---------------+----------------------------------+-----
Polearms       | 5 6 7 8 9 10 11 12 14 16 | 16.4
Dodging        | 5 6 7 9 10 11 12 14 16 | 16.3
Fighting       | 3 4 5 6 7 8 9 11 13 | 13.3
Armour         | 1 2 3 4 5 6 7 9 |  9.2
Invocations    | 1 3 5 6 7 9 |  9.6
Long Blades    | 5 8 9 |  9.5
Throwing       | |  2.6

Action                   |  1- 3 |  4- 6 |  7- 9 | 10-12 || total
-------------------------+-------+-------+-------+-------++-------
Melee: Trident           |    42 |    59 |    32 |       ||   133
       Punch             |       |     2 |     1 |       ||     3
       Halberd           |       |       |   104 |    71 ||   175
Invok: Heroism           |       |     2 |     3 |       ||     5
       Finesse           |       |       |     1 |       ||     1
  Use: Potion            |       |     1 |     3 |     5 ||     9
Armor: Leather armour    |     5 |       |       |       ||     5
       Scale mail        |    11 |    18 |     2 |       ||    31
       Chain mail        |       |       |    54 |    14 ||    68
Dodge: Dodged            |    21 |    30 |   115 |    37 ||   203

Table legend: (Time is in decaauts)
 A = Elapsed time spent in this place.
 B = Non-inter-level travel time spent in this place.
 C = Inter-level travel time spent in this place.
 D = Time resting spent in this place.
 E = Time spent auto-exploring this place.
 F = Levels seen in this place.
 G = Mean time per level.
                   A        B        C        D        E       F      G
               +--------+--------+--------+--------+--------+-----+--------+
         Total |   2500 |   2435 |     65 |   1752 |     11 |   1 | 2500.0 |
       Dungeon |   2500 |   2435 |     65 |   1752 |     11 |   1 | 2500.0 |
               +--------+--------+--------+--------+--------+-----+--------+

Top non-repeatable levels by time:
       D: 2500 daAuts
